Long Beach Ice Dogs vs Abbotsford Heat
Created - Monday, April 3, 2023 at 07:30
Goals
|
| Long Beach Ice Dogs |
2 |
1 |
0 |
0 |
4 |
3 |
| Abbotsford Heat |
1 |
1 |
1 |
0 |
5 |
4 |
|
Shots
|
| Long Beach Ice Dogs |
12 |
15 |
14 |
1 |
7 |
42 |
| Abbotsford Heat |
9 |
8 |
10 |
0 |
7 |
27 |
|
1st period
1. Long Beach Ice Dogs , Victor Rask 6 (Jansen Harkins 2) at 15:24
2. Long Beach Ice Dogs , Trey Fix-Wolansky 2 (Jujhar Khaira 7, William Lagesson 5) at 18:46
3. Abbotsford Heat , Cole Sillinger 9 (Rafael Harvey-Pinard 10, Lane Pederson 6) at 18:58
Penalties :
Riley Stillman (TRM) for Hooking (Minor) at 3:52
2nd period
4. Abbotsford Heat , Bobby Brink 11 (Cole Perfetti 10, Yakov Trenin 11) at 4:25 (PP)
5. Long Beach Ice Dogs , Shane Bowers 1 (William Lagesson 6, Jujhar Khaira 8) at 6:03
Penalties :
Mathieu Olivier (TRM) for Slashing (Minor) at 4:13
3rd period
6. Abbotsford Heat , Benoit-Olivier Groulx 7 (Daniil Miromanov 1) at 11:16
Penalties :
Yakov Trenin (ABH) for Tripping (Minor) at 0:22, Mathieu Olivier (TRM) for Tripping (Minor) at 2:43, Yakov Trenin (ABH) for Roughing (Minor) at 6:42
Overtime #1
No Goal
Penalties :
No Penalty
Shootout
Long Beach Ice Dogs, Brendan Gallagher - Shot Misses the Net
Abbotsford Heat, Yakov Trenin - Goal!
Long Beach Ice Dogs, Gabriel Vilardi - Goal!
Abbotsford Heat, Cole Sillinger - Stopped by Spencer Martin
Long Beach Ice Dogs, Darren Helm - Goal!
Abbotsford Heat, Bobby Brink - Goal!
Long Beach Ice Dogs, Victor Rask - Goal!
Abbotsford Heat, Cole Perfetti - Goal!
Long Beach Ice Dogs, Alex Galchenyuk - Shot Misses the Net
Abbotsford Heat, Benoit-Olivier Groulx - Stopped by Spencer Martin
Long Beach Ice Dogs, Logan Brown - Goal!
Abbotsford Heat, Jacob Peterson - Goal!
Long Beach Ice Dogs, Trey Fix-Wolansky - Shot Misses the Net
Abbotsford Heat, Alex Limoges - Goal!
Penalties :
No Penalty
Goalie Stats
Spencer Martin (TRM), 24 saves from 27 shots - (0.889), OTL, 6-10-1, 65:00 minutes
Pheonix Copley (ABH), 39 saves from 42 shots - (0.929), W, 5-7-1, 65:00 minutes
Players Stats for Long Beach Ice Dogs
Player Name G A P +/- PIM S H SB GA TA FO MP PP MP PK MP
------------------------------------------------------------------------------------
Alex Galchenyuk 0 0 0 0 0 2 3 0 3 0 0/1 17:04 2:07 0:00
Brendan Gallagher 0 0 0 -1 0 5 3 0 0 0 1/4 21:05 1:51 2:04
Darren Helm 0 0 0 -1 0 3 1 2 0 0 1/4 19:29 1:51 2:06
Gabriel Vilardi 0 0 0 -1 0 4 3 0 3 1 4/14 20:58 1:51 2:04
Jansen Harkins 0 1 1 0 0 3 1 0 0 0 0/1 11:50 0:00 0:00
Jujhar Khaira 0 2 2 2 0 3 3 0 0 0 0/0 10:54 0:00 0:00
Justin Schultz 0 0 0 0 0 2 0 3 0 0 0/0 24:05 2:04 2:05
Logan Brown 0 0 0 0 0 6 0 1 1 0 5/8 13:47 0:00 0:00
Mark Pysyk 0 0 0 0 0 1 1 1 0 1 0/0 24:03 2:04 2:05
Mathieu Olivier 0 0 0 0 4 1 4 0 1 0 1/2 13:05 0:00 0:00
Olli Juolevi 0 0 0 2 0 1 0 0 0 0 0/0 17:29 0:00 0:00
Riley Stillman 0 0 0 -1 2 0 3 1 1 3 0/0 24:09 1:54 1:14
Shane Bowers 1 0 1 2 0 2 0 0 0 0 2/3 10:35 0:00 0:00
Trey Fix-Wolansky 1 0 1 2 0 2 3 0 1 0 0/0 8:13 0:00 0:00
Victor Rask 1 0 1 0 0 5 0 0 0 0 10/14 20:40 2:07 2:06
William Lagesson 0 2 2 -1 0 1 0 0 1 1 0/0 23:45 1:54 2:05
Yan Kuznetsov 0 0 0 2 0 0 1 0 0 3 0/0 17:44 0:00 0:51
Zack Kassian 0 0 0 0 0 1 2 1 0 0 0/0 16:52 2:07 0:00
Players Stats for Abbotsford Heat
Player Name G A P +/- PIM S H SB GA TA FO MP PP MP PK MP
------------------------------------------------------------------------------------
Alex Limoges 0 0 0 0 0 0 2 0 0 1 0/0 13:52 0:00 0:00
Benoit-Olivier Groulx 1 0 1 0 0 2 0 1 0 1 2/5 17:48 0:00 1:52
Bobby Brink 1 0 1 -2 0 7 2 1 2 0 1/2 21:27 2:25 0:00
Cole Perfetti 0 1 1 -2 0 5 1 0 3 1 1/1 21:23 2:25 0:00
Cole Sillinger 1 0 1 1 0 2 3 1 2 0 9/12 22:10 1:45 2:26
Daniil Miromanov 0 1 1 -2 0 0 1 2 0 0 0/0 14:51 0:00 0:00
Dennis Gilbert 0 0 0 0 0 0 1 2 0 1 0/0 21:35 1:17 1:35
Filip Chlapik 0 0 0 0 0 0 0 0 0 0 0/0 4:44 0:00 1:21
Gabriel Fortier 0 0 0 0 0 1 0 0 0 1 0/0 3:12 0:00 0:00
Jacob Peterson 0 0 0 0 0 2 1 0 0 0 1/2 16:20 0:00 0:00
Lane Pederson 0 1 1 1 0 1 5 1 0 0 0/0 17:41 1:45 0:00
Michael Anderson 0 0 0 1 0 1 1 1 0 2 0/0 28:44 2:53 2:23
Rafael Harvey-Pinard 0 1 1 1 0 1 0 0 0 1 0/1 18:30 1:45 0:30
Ryan Merkley 0 0 0 1 0 2 3 1 2 1 0/0 28:36 2:53 2:23
Shane Pinto 0 0 0 0 0 0 0 0 0 0 0/1 4:08 0:00 1:47
Vincent Desharnais 0 0 0 0 0 0 0 2 0 0 0/0 21:35 1:17 1:35
Wyatt Newpower 0 0 0 -2 0 1 2 4 0 1 0/0 14:49 0:00 0:00
Yakov Trenin 0 1 1 -2 4 2 1 0 0 1 13/27 24:35 2:25 0:00
3 Stars
1 - Trey Fix-Wolansky (TRM)
2 - Jujhar Khaira (TRM)
3 - Cole Sillinger (ABH)
Power Play
Long Beach Ice Dogs - 0 on 2 Attempt(s) - 0.00%
Abbotsford Heat - 1 on 3 Attempt(s) - 33.33%
Penalty Kill
Long Beach Ice Dogs - 2 on 3 Attempt(s) - 66.67%
- Score 0 goal in Penalty Kill
Abbotsford Heat - 2 on 2 Attempt(s) - 100.00%
- Score 0 goal in Penalty Kill
Team Stat
Long Beach Ice Dogs - Hits : 28 - Faceoff Wins : 24 - Blocked Shots : 9 - Penalty Minutes : 6
Abbotsford Heat - Hits : 23 - Faceoff Wins : 27 - Blocked Shots : 16 - Penalty Minutes : 4
Official
Referees : Ian Walsh and Francis Charron
Linesman : Brad Kovachik and Scott Driscoll
Game Notes
No Game Note
Long Beach Ice Dogs
5 vs 5 Forward
Center Left Wing Right Wing Time % Phy DF OF
1 Gabriel Vilardi Darren Helm Brendan Gallagher 30 1 2 2
2 Victor Rask Alex Galchenyuk Zack Kassian 30 1 2 2
3 Logan Brown Jansen Harkins Mathieu Olivier 25 1 2 2
4 Shane Bowers Jujhar Khaira Trey Fix-Wolansky 15 1 2 2
5 vs 5 Defense
Defense Defense Time % Phy DF OF
1 Mark Pysyk Justin Schultz 35 1 2 2
2 Riley Stillman William Lagesson 35 1 2 2
3 Olli Juolevi Yan Kuznetsov 30 1 2 2
4 Mark Pysyk Justin Schultz 0 1 2 2
PowerPlay Forward
Center Left Wing Right Wing Time % Phy DF OF
1 Gabriel Vilardi Darren Helm Brendan Gallagher 50 1 2 2
2 Victor Rask Alex Galchenyuk Zack Kassian 50 1 2 2
PowerPlay Defense
Defense Defense Time % Phy DF OF
1 Mark Pysyk Justin Schultz 50 1 2 2
2 Riley Stillman William Lagesson 50 1 2 2
Penalty Kill 4 Players Forward
Center Wing Time % Phy DF OF
1 Brendan Gallagher Gabriel Vilardi 50 1 2 2
2 Darren Helm Victor Rask 50 1 2 2
Penalty Kill 4 Players Defense
Defense Defense Time % Phy DF OF
1 Mark Pysyk Justin Schultz 50 1 2 2
2 Riley Stillman William Lagesson 50 1 2 2
Penalty Kill - 3 Players Forward
Forward Time % Phy DF OF
1 Brendan Gallagher 50 1 2 2
2 Gabriel Vilardi 50 1 2 2
Penalty Kill - 3 Players Defense
Defense Defense Time % Phy DF OF
1 Mark Pysyk Justin Schultz 50 1 2 2
2 Riley Stillman William Lagesson 50 1 2 2
4 vs 4 Forward
Center Wing Time % Phy DF OF
1 Brendan Gallagher Gabriel Vilardi 50 1 2 2
2 Darren Helm Victor Rask 50 1 2 2
4 vs 4 Defense
Defense Defense Time % Phy DF OF
1 Mark Pysyk Justin Schultz 50 1 2 2
2 Riley Stillman William Lagesson 50 1 2 2
Last Minutes Offensive
Center Left Wing Right Wing Defense Defense
Gabriel Vilardi Darren Helm Brendan Gallagher Mark Pysyk Justin Schultz
Last Minutes Defensive
Center Left Wing Right Wing Defense Defense
Gabriel Vilardi Darren Helm Brendan Gallagher Mark Pysyk Justin Schultz
Goaltenders
Starting : Spencer Martin
Backup : Lukas Dostal
Extra Forwards
Normal : Shane Bowers, Jujhar Khaira, Logan Brown - PP : Shane Bowers, Jujhar Khaira - PK : Logan Brown
Extra Defensemen
Normal : Olli Juolevi, Yan Kuznetsov, Riley Stillman - PP : Olli Juolevi - PK : Yan Kuznetsov, Riley Stillman
Penalty Shots
Brendan Gallagher, Gabriel Vilardi, Darren Helm, Victor Rask, Alex Galchenyuk
Abbotsford Heat
5 vs 5 Forward
Center Left Wing Right Wing Time % Phy DF OF
1 Yakov Trenin Cole Perfetti Bobby Brink 40 1 2 2
2 Cole Sillinger Rafael Harvey-Pinard Lane Pederson 30 1 2 2
3 Benoit-Olivier Groulx Alex Limoges Jacob Peterson 20 1 2 2
4 Jacob Peterson Gabriel Fortier Yakov Trenin 10 1 2 2
5 vs 5 Defense
Defense Defense Time % Phy DF OF
1 Michael Anderson Ryan Merkley 40 1 2 2
2 Vincent Desharnais Dennis Gilbert 30 1 2 2
3 Daniil Miromanov Wyatt Newpower 20 1 2 2
4 Michael Anderson Ryan Merkley 10 1 2 2
PowerPlay Forward
Center Left Wing Right Wing Time % Phy DF OF
1 Yakov Trenin Cole Perfetti Bobby Brink 60 1 2 2
2 Cole Sillinger Rafael Harvey-Pinard Lane Pederson 40 1 2 2
PowerPlay Defense
Defense Defense Time % Phy DF OF
1 Michael Anderson Ryan Merkley 60 1 2 2
2 Vincent Desharnais Dennis Gilbert 40 1 2 2
Penalty Kill 4 Players Forward
Center Wing Time % Phy DF OF
1 Yakov Trenin Cole Sillinger 60 1 2 2
2 Bobby Brink Cole Perfetti 40 1 2 2
Penalty Kill 4 Players Defense
Defense Defense Time % Phy DF OF
1 Michael Anderson Ryan Merkley 60 1 2 2
2 Vincent Desharnais Dennis Gilbert 40 1 2 2
Penalty Kill - 3 Players Forward
Forward Time % Phy DF OF
1 Yakov Trenin 60 1 2 2
2 Cole Sillinger 40 1 2 2
Penalty Kill - 3 Players Defense
Defense Defense Time % Phy DF OF
1 Michael Anderson Ryan Merkley 60 1 2 2
2 Vincent Desharnais Dennis Gilbert 40 1 2 2
4 vs 4 Forward
Center Wing Time % Phy DF OF
1 Yakov Trenin Cole Sillinger 60 1 2 2
2 Bobby Brink Cole Perfetti 40 1 2 2
4 vs 4 Defense
Defense Defense Time % Phy DF OF
1 Michael Anderson Ryan Merkley 60 1 2 2
2 Vincent Desharnais Dennis Gilbert 40 1 2 2
Last Minutes Offensive
Center Left Wing Right Wing Defense Defense
Yakov Trenin Cole Perfetti Bobby Brink Michael Anderson Ryan Merkley
Last Minutes Defensive
Center Left Wing Right Wing Defense Defense
Yakov Trenin Cole Perfetti Bobby Brink Michael Anderson Ryan Merkley
Goaltenders
Starting : Pheonix Copley
Backup : Dustin Wolf
Extra Forwards
Normal : Filip Chlapik, Shane Pinto, Benoit-Olivier Groulx - PP : Filip Chlapik, Shane Pinto - PK : Benoit-Olivier Groulx
Extra Defensemen
Normal : Daniil Miromanov, Wyatt Newpower, Vincent Desharnais - PP : Daniil Miromanov - PK : Wyatt Newpower, Vincent Desharnais
Penalty Shots
Yakov Trenin, Cole Sillinger, Bobby Brink, Cole Perfetti, Benoit-Olivier Groulx
% Time on Ice - Long Beach Ice Dogs
Lines # - Real PCT - Wanted PCT - Time Play
Normal Forward
1 - 28% - 30% - 14:42
2 - 33% - 30% - 17:15
3 - 23% - 25% - 11:42
4 - 16% - 15% - 8:13
Normal Defense
1 - 34% - 35% - 17:30
2 - 35% - 35% - 18:00
3 - 32% - 30% - 16:22
4 - 0% - 0% - 0:00
PP Forward
1 - 47% - 50% - 1:51
2 - 53% - 50% - 2:07
PP Defense
1 - 52% - 50% - 2:04
2 - 48% - 50% - 1:54
PK Forward
1 - 50% - 50% - 2:04
2 - 50% - 50% - 2:06
PK Defense
1 - 50% - 50% - 2:05
2 - 50% - 50% - 2:05
PK3 Forward
1 - 0% - 50%
2 - 0% - 50%
PK3 Defense
1 - 0% - 50%
2 - 0% - 50%
44 Forward
1 - 52% - 50% - 2:35
2 - 48% - 50% - 2:25
44 Defense
1 - 58% - 50% - 2:55
2 - 42% - 50% - 2:05
Last Minute Offensive - 0:00
Last Minute Defensive - 0:00
Total
Forward - 65:00
Defense - 65:00
|
% Time on Ice - Abbotsford Heat
Lines # - Real PCT - Wanted PCT - Time Play
Normal Forward
1 - 35% - 40% - 18:24
2 - 33% - 30% - 16:55
3 - 26% - 20% - 13:21
4 - 6% - 10% - 3:12
Normal Defense
1 - 37% - 40% - 19:06
2 - 33% - 30% - 17:00
3 - 27% - 20% - 13:46
4 - 4% - 10% - 2:00
PP Forward
1 - 58% - 60% - 2:25
2 - 42% - 40% - 1:45
PP Defense
1 - 69% - 60% - 2:53
2 - 31% - 40% - 1:17
PK Forward
1 - 100% - 60% - 3:58
2 - 0% - 40% - 0:00
PK Defense
1 - 60% - 60% - 2:23
2 - 40% - 40% - 1:35
PK3 Forward
1 - 0% - 60%
2 - 0% - 40%
PK3 Defense
1 - 0% - 60%
2 - 0% - 40%
44 Forward
1 - 74% - 60% - 3:42
2 - 26% - 40% - 1:18
44 Defense
1 - 58% - 60% - 2:55
2 - 42% - 40% - 2:05
Last Minute Offensive - 0:00
Last Minute Defensive - 0:00
Total
Forward - 65:00
Defense - 65:00
|
Play-by-Play
1st period
0:01 of 1st period - Yakov Trenin wins face-off versus Gabriel Vilardi in neutral zone.
0:04 of 1st period - Darren Helm is hit by Yakov Trenin and loses puck.
1:01 of 1st period - Benoit-Olivier Groulx is hit by Mathieu Olivier and loses puck.
1:16 of 1st period - Snap shot by Bobby Brink.
1:16 of 1st period - Shot Misses the Net.
1:48 of 1st period - Icing by Cole Sillinger.
1:49 of 1st period - Victor Rask wins face-off versus Rafael Harvey-Pinard in Abbotsford Heat zone.
2:00 of 1st period - Vincent Desharnais is hit by Alex Galchenyuk.
2:10 of 1st period - Riley Stillman is hit by Lane Pederson and loses puck.
2:53 of 1st period - Snap shot by Zack Kassian.
2:53 of 1st period - Stopped by Pheonix Copley without a rebound.
2:54 of 1st period - Victor Rask wins face-off versus Benoit-Olivier Groulx in Abbotsford Heat zone.
3:13 of 1st period - Riley Stillman is hit by Alex Limoges and loses puck.
3:52 of 1st period - Minor Penalty to Riley Stillman for Hooking.
3:53 of 1st period - Yakov Trenin wins face-off versus Brendan Gallagher in Long Beach Ice Dogs zone.
4:02 of 1st period - Wrist shot by Bobby Brink.
4:02 of 1st period - Shot Misses the Net.
4:04 of 1st period - Wrist shot by Yakov Trenin.
4:04 of 1st period - Shot Misses the Net.
4:06 of 1st period - Snap shot by Bobby Brink.
4:06 of 1st period - Shot Blocked by Justin Schultz.
4:08 of 1st period - Slapshot by Yakov Trenin.
4:08 of 1st period - Shot Misses the Net.
5:02 of 1st period - Icing by Michael Anderson.
5:03 of 1st period - Cole Sillinger wins face-off versus Darren Helm in Abbotsford Heat zone.
5:32 of 1st period - Mark Pysyk is hit by Lane Pederson and loses puck.
5:52 of 1st period - Penalty to Riley Stillman is over, Riley Stillman is back on ice.
6:14 of 1st period - Slapshot by Gabriel Vilardi.
6:14 of 1st period - Shot Misses the Net.
6:56 of 1st period - Benoit-Olivier Groulx is hit by Riley Stillman and loses puck.
7:07 of 1st period - Snap shot by Jacob Peterson.
7:07 of 1st period - Stopped by Spencer Martin without a rebound.
7:08 of 1st period - Yakov Trenin wins face-off versus Mathieu Olivier in Long Beach Ice Dogs zone.
7:43 of 1st period - Wrist shot by Cole Sillinger.
7:43 of 1st period - Stopped by Spencer Martin without a rebound.
7:44 of 1st period - Yakov Trenin wins face-off versus Alex Galchenyuk in Long Beach Ice Dogs zone.
7:57 of 1st period - Ryan Merkley is hit by Zack Kassian and loses puck.
8:38 of 1st period - Wrist shot by Logan Brown.
8:38 of 1st period - Stopped by Pheonix Copley with a rebound.
9:09 of 1st period - Bobby Brink is hit by Trey Fix-Wolansky and loses puck.
10:19 of 1st period - Cole Sillinger is hit by Trey Fix-Wolansky.
10:31 of 1st period - Alex Galchenyuk is hit by Dennis Gilbert and loses puck.
10:42 of 1st period - Ryan Merkley is hit by Gabriel Vilardi and loses puck.
11:41 of 1st period - Cole Sillinger is hit by Jujhar Khaira and loses puck.
12:10 of 1st period - Cole Perfetti is hit by Brendan Gallagher.
12:20 of 1st period - Vincent Desharnais is hit by Alex Galchenyuk and loses puck.
12:29 of 1st period - Snap shot by Alex Galchenyuk.
12:29 of 1st period - Shot Blocked by Dennis Gilbert.
12:39 of 1st period - Benoit-Olivier Groulx is hit by Jansen Harkins and loses puck.
12:54 of 1st period - Slapshot by Jujhar Khaira.
12:54 of 1st period - Stopped by Pheonix Copley without a rebound.
12:55 of 1st period - Shane Bowers wins face-off versus Cole Sillinger in Abbotsford Heat zone.
12:58 of 1st period - Snap shot by Jujhar Khaira.
12:58 of 1st period - Shot Blocked by Cole Sillinger.
13:00 of 1st period - Slapshot by Mark Pysyk.
13:00 of 1st period - Stopped by Pheonix Copley with a rebound.
13:02 of 1st period - Snap shot by Yan Kuznetsov.
13:02 of 1st period - Shot Misses the Net.
13:04 of 1st period - Wrist shot by Trey Fix-Wolansky.
13:04 of 1st period - Stopped by Pheonix Copley without a rebound.
13:05 of 1st period - Cole Sillinger wins face-off versus Victor Rask in Abbotsford Heat zone.
13:14 of 1st period - Wrist shot by Zack Kassian.
13:14 of 1st period - Deflect By Victor Rask.
13:14 of 1st period - Shot Misses the Net.
13:14 of 1st period - Puck is out of play.
13:15 of 1st period - Yakov Trenin wins face-off versus Victor Rask in Abbotsford Heat zone.
13:30 of 1st period - Wrist shot by Alex Galchenyuk.
13:30 of 1st period - Deflect By Zack Kassian.
13:30 of 1st period - Shot Misses the Net.
13:30 of 1st period - Puck is out of play.
13:31 of 1st period - Cole Sillinger wins face-off versus Gabriel Vilardi in Abbotsford Heat zone.
13:42 of 1st period - Wrist shot by Lane Pederson.
13:42 of 1st period - Shot Blocked by Darren Helm.
14:02 of 1st period - Wrist shot by Logan Brown.
14:02 of 1st period - Stopped by Pheonix Copley with a rebound.
14:04 of 1st period - Wrist shot by Mathieu Olivier.
14:04 of 1st period - Deflect By Logan Brown.
14:04 of 1st period - Shot Misses the Net.
14:04 of 1st period - Puck is out of play.
14:05 of 1st period - Victor Rask wins face-off versus Yakov Trenin in Abbotsford Heat zone.
15:24 of 1st period - Wrist shot by Victor Rask.
15:24 of 1st period - Goal by Victor Rask - Long Beach Ice Dogs : 1 - Abbotsford Heat : 0.
15:25 of 1st period - Victor Rask wins face-off versus Yakov Trenin in neutral zone.
15:54 of 1st period - Icing by Cole Sillinger.
15:55 of 1st period - Logan Brown wins face-off versus Cole Sillinger in Abbotsford Heat zone.
15:56 of 1st period - Backhand shot by Jansen Harkins.
15:56 of 1st period - Stopped by Pheonix Copley without a rebound.
15:57 of 1st period - Cole Sillinger wins face-off versus Jansen Harkins in Abbotsford Heat zone.
16:02 of 1st period - Cole Sillinger is hit by Mathieu Olivier and loses puck.
16:23 of 1st period - Riley Stillman is hit by Michael Anderson and loses puck.
17:37 of 1st period - Snap shot by Gabriel Vilardi.
17:37 of 1st period - Stopped by Pheonix Copley with a rebound.
18:09 of 1st period - Shane Bowers is hit by Lane Pederson and loses puck.
18:14 of 1st period - Wrist shot by Cole Sillinger.
18:14 of 1st period - Shot Misses the Net.
18:16 of 1st period - Snap shot by Rafael Harvey-Pinard.
18:16 of 1st period - Shot Misses the Net.
18:26 of 1st period - Shane Bowers is hit by Bobby Brink and loses puck.
18:33 of 1st period - Cole Perfetti is hit by Jujhar Khaira and loses puck.
18:44 of 1st period - Snap shot by Jujhar Khaira.
18:44 of 1st period - Shot Misses the Net.
18:46 of 1st period - Snap shot by Trey Fix-Wolansky.
18:46 of 1st period - Goal by Trey Fix-Wolansky - Long Beach Ice Dogs : 2 - Abbotsford Heat : 0.
18:47 of 1st period - Cole Sillinger wins face-off versus Gabriel Vilardi in neutral zone.
18:47 of 1st period - Rafael Harvey-Pinard is hit by Gabriel Vilardi and loses puck.
18:58 of 1st period - Snap shot by Cole Sillinger.
18:58 of 1st period - Goal by Cole Sillinger - Long Beach Ice Dogs : 2 - Abbotsford Heat : 1.
18:59 of 1st period - Yakov Trenin wins face-off versus Gabriel Vilardi in neutral zone.
19:02 of 1st period - Snap shot by Bobby Brink.
19:02 of 1st period - Stopped by Spencer Martin with a rebound.
19:10 of 1st period - Snap shot by Darren Helm.
19:10 of 1st period - Stopped by Pheonix Copley with a rebound.
19:12 of 1st period - Snap shot by Brendan Gallagher.
19:12 of 1st period - Stopped by Pheonix Copley with a rebound.
19:14 of 1st period - Slapshot by Riley Stillman.
19:14 of 1st period - Deflect By Brendan Gallagher.
19:14 of 1st period - Shot Misses the Net.
19:14 of 1st period - Puck is out of play.
19:15 of 1st period - Jacob Peterson wins face-off versus Victor Rask in Abbotsford Heat zone.
19:15 of 1st period - Jacob Peterson is hit by Zack Kassian.
19:23 of 1st period - Backhand shot by Jacob Peterson.
19:23 of 1st period - Shot Misses the Net.
19:25 of 1st period - Snap shot by Yakov Trenin.
19:25 of 1st period - Shot Misses the Net.
19:27 of 1st period - Snap shot by Gabriel Fortier.
19:27 of 1st period - Stopped by Spencer Martin without a rebound.
19:28 of 1st period - Yakov Trenin wins face-off versus Gabriel Vilardi in Long Beach Ice Dogs zone.
19:31 of 1st period - Snap shot by Cole Perfetti.
19:31 of 1st period - Stopped by Spencer Martin with a rebound.
19:33 of 1st period - Snap shot by Cole Perfetti.
19:33 of 1st period - Stopped by Spencer Martin with a rebound.
19:35 of 1st period - Wrist shot by Yakov Trenin.
19:35 of 1st period - Stopped by Spencer Martin with a rebound.
19:37 of 1st period - Snap shot by Bobby Brink.
19:37 of 1st period - Shot Misses the Net.
19:39 of 1st period - Snap shot by Michael Anderson.
19:39 of 1st period - Shot Blocked by Darren Helm.
19:41 of 1st period - Snap shot by Yakov Trenin.
19:41 of 1st period - Stopped by Spencer Martin with a rebound.
19:43 of 1st period - Wrist shot by Michael Anderson.
19:43 of 1st period - Shot Misses the Net.
19:53 of 1st period - William Lagesson is hit by Lane Pederson and loses puck.
Goals for this period are 2 for Long Beach Ice Dogs vs 1 for Abbotsford Heat.
Shots for this period are 12 for Long Beach Ice Dogs vs 9 for Abbotsford Heat.
2nd period
0:01 of 2nd period - Yakov Trenin wins face-off versus Logan Brown in neutral zone.
0:10 of 2nd period - Slapshot by Bobby Brink.
0:10 of 2nd period - Stopped by Spencer Martin without a rebound.
0:11 of 2nd period - Victor Rask wins face-off versus Yakov Trenin in Long Beach Ice Dogs zone.
0:25 of 2nd period - Snap shot by Cole Perfetti.
0:25 of 2nd period - Stopped by Spencer Martin without a rebound.
0:26 of 2nd period - Mathieu Olivier wins face-off versus Jacob Peterson in Long Beach Ice Dogs zone.
1:22 of 2nd period - Wrist shot by Victor Rask.
1:22 of 2nd period - Deflect By Alex Galchenyuk.
1:22 of 2nd period - Stopped by Pheonix Copley with a rebound.
1:24 of 2nd period - Slapshot by Olli Juolevi.
1:24 of 2nd period - Stopped by Pheonix Copley with a rebound.
1:26 of 2nd period - Wrist shot by Zack Kassian.
1:26 of 2nd period - Shot Blocked by Daniil Miromanov.
1:53 of 2nd period - Icing by Logan Brown.
1:54 of 2nd period - Cole Sillinger wins face-off versus Logan Brown in Long Beach Ice Dogs zone.
1:55 of 2nd period - Snap shot by Lane Pederson.
1:55 of 2nd period - Stopped by Spencer Martin with a rebound.
2:23 of 2nd period - Wrist shot by Brendan Gallagher.
2:23 of 2nd period - Stopped by Pheonix Copley with a rebound.
2:25 of 2nd period - Slapshot by Yan Kuznetsov.
2:25 of 2nd period - Shot Misses the Net.
2:27 of 2nd period - Wrist shot by Darren Helm.
2:27 of 2nd period - Shot Misses the Net.
2:29 of 2nd period - Snap shot by Gabriel Vilardi.
2:29 of 2nd period - Shot Misses the Net.
3:05 of 2nd period - Slapshot by Riley Stillman.
3:05 of 2nd period - Shot Blocked by Lane Pederson.
3:07 of 2nd period - Slapshot by William Lagesson.
3:07 of 2nd period - Shot Misses the Net.
3:09 of 2nd period - Snap shot by Shane Bowers.
3:09 of 2nd period - Stopped by Pheonix Copley without a rebound.
3:10 of 2nd period - Yakov Trenin wins face-off versus Gabriel Vilardi in Abbotsford Heat zone.
3:39 of 2nd period - Slapshot by Alex Galchenyuk.
3:39 of 2nd period - Deflect By Dennis Gilbert.
3:39 of 2nd period - Stopped by Pheonix Copley with a rebound.
4:13 of 2nd period - Minor Penalty to Mathieu Olivier for Slashing.
4:14 of 2nd period - Yakov Trenin wins face-off versus Darren Helm in Long Beach Ice Dogs zone.
4:25 of 2nd period - Wrist shot by Bobby Brink.
4:25 of 2nd period - Goal by Bobby Brink - Long Beach Ice Dogs : 2 - Abbotsford Heat : 2.
4:26 of 2nd period - Bobby Brink wins face-off versus Gabriel Vilardi in neutral zone.
4:29 of 2nd period - Wrist shot by Bobby Brink.
4:29 of 2nd period - Shot Blocked by Mark Pysyk.
4:31 of 2nd period - Snap shot by Yakov Trenin.
4:31 of 2nd period - Shot Misses the Net.
4:33 of 2nd period - Slapshot by Ryan Merkley.
4:33 of 2nd period - Deflect By Bobby Brink.
4:33 of 2nd period - Stopped by Spencer Martin with a rebound.
4:35 of 2nd period - Wrist shot by Yakov Trenin.
4:35 of 2nd period - Shot Misses the Net.
4:51 of 2nd period - Michael Anderson is hit by Alex Galchenyuk.
5:13 of 2nd period - Wrist shot by Jacob Peterson.
5:13 of 2nd period - Stopped by Spencer Martin with a rebound.
5:15 of 2nd period - Wrist shot by Yakov Trenin.
5:15 of 2nd period - Shot Misses the Net.
5:17 of 2nd period - Snap shot by Jacob Peterson.
5:17 of 2nd period - Shot Blocked by Justin Schultz.
5:19 of 2nd period - Wrist shot by Jacob Peterson.
5:19 of 2nd period - Shot Blocked by Justin Schultz.
5:53 of 2nd period - Wrist shot by Trey Fix-Wolansky.
5:53 of 2nd period - Shot Blocked by Benoit-Olivier Groulx.
5:55 of 2nd period - Slapshot by Riley Stillman.
5:55 of 2nd period - Shot Misses the Net.
5:57 of 2nd period - Slapshot by Shane Bowers.
5:57 of 2nd period - Shot Blocked by Wyatt Newpower.
5:59 of 2nd period - Snap shot by Jujhar Khaira.
5:59 of 2nd period - Shot Misses the Net.
6:01 of 2nd period - Slapshot by William Lagesson.
6:01 of 2nd period - Shot Blocked by Wyatt Newpower.
6:03 of 2nd period - Snap shot by Shane Bowers.
6:03 of 2nd period - Goal by Shane Bowers - Long Beach Ice Dogs : 3 - Abbotsford Heat : 2.
6:04 of 2nd period - Gabriel Vilardi wins face-off versus Yakov Trenin in neutral zone.
6:40 of 2nd period - Wrist shot by Logan Brown.
6:40 of 2nd period - Shot Misses the Net.
6:42 of 2nd period - Slapshot by Riley Stillman.
6:42 of 2nd period - Deflect By Jansen Harkins.
6:42 of 2nd period - Stopped by Pheonix Copley with a rebound.
7:17 of 2nd period - Bobby Brink is hit by Trey Fix-Wolansky and loses puck.
7:52 of 2nd period - Mark Pysyk is hit by Lane Pederson and loses puck.
8:10 of 2nd period - Mark Pysyk is hit by Cole Perfetti and loses puck.
8:29 of 2nd period - Snap shot by Victor Rask.
8:29 of 2nd period - Stopped by Pheonix Copley with a rebound.
9:05 of 2nd period - William Lagesson is hit by Ryan Merkley and loses puck.
9:18 of 2nd period - Snap shot by Zack Kassian.
9:18 of 2nd period - Shot Misses the Net.
9:20 of 2nd period - Slapshot by William Lagesson.
9:20 of 2nd period - Shot Blocked by Wyatt Newpower.
9:34 of 2nd period - Darren Helm is hit by Bobby Brink and loses puck.
9:49 of 2nd period - Slapshot by Jansen Harkins.
9:49 of 2nd period - Stopped by Pheonix Copley without a rebound.
9:50 of 2nd period - Logan Brown wins face-off versus Yakov Trenin in Abbotsford Heat zone.
9:55 of 2nd period - Wrist shot by Mathieu Olivier.
9:55 of 2nd period - Shot Misses the Net.
10:15 of 2nd period - Gabriel Vilardi is hit by Alex Limoges and loses puck.
10:36 of 2nd period - Slapshot by Ryan Merkley.
10:36 of 2nd period - Shot Misses the Net.
11:12 of 2nd period - Icing by Jujhar Khaira.
11:13 of 2nd period - Shane Bowers wins face-off versus Benoit-Olivier Groulx in Long Beach Ice Dogs zone.
11:38 of 2nd period - Victor Rask is hit by Wyatt Newpower and loses puck.
11:43 of 2nd period - Snap shot by Cole Sillinger.
11:43 of 2nd period - Shot Misses the Net.
11:45 of 2nd period - Wrist shot by Rafael Harvey-Pinard.
11:45 of 2nd period - Stopped by Spencer Martin with a rebound.
11:47 of 2nd period - Snap shot by Rafael Harvey-Pinard.
11:47 of 2nd period - Deflect By Lane Pederson.
11:47 of 2nd period - Shot Hit the Post.
11:47 of 2nd period - Puck is out of play.
11:48 of 2nd period - Gabriel Vilardi wins face-off versus Yakov Trenin in Long Beach Ice Dogs zone.
12:29 of 2nd period - Lane Pederson is hit by Mathieu Olivier and loses puck.
13:27 of 2nd period - Ryan Merkley is hit by Brendan Gallagher and loses puck.
13:48 of 2nd period - Olli Juolevi is hit by Jacob Peterson and loses puck.
14:01 of 2nd period - Wyatt Newpower is hit by Mathieu Olivier and loses puck.
14:08 of 2nd period - Slapshot by Logan Brown.
14:08 of 2nd period - Stopped by Pheonix Copley with a rebound.
14:10 of 2nd period - Wrist shot by Logan Brown.
14:10 of 2nd period - Stopped by Pheonix Copley without a rebound.
14:11 of 2nd period - Yakov Trenin wins face-off versus Darren Helm in Abbotsford Heat zone.
14:34 of 2nd period - Mathieu Olivier is hit by Cole Sillinger and loses puck.
14:55 of 2nd period - Snap shot by Jujhar Khaira.
14:55 of 2nd period - Stopped by Pheonix Copley with a rebound.
15:07 of 2nd period - Snap shot by Cole Perfetti.
15:07 of 2nd period - Deflect By Victor Rask.
15:07 of 2nd period - Shot Misses the Net.
15:07 of 2nd period - Puck is out of play.
15:08 of 2nd period - Victor Rask wins face-off versus Bobby Brink in Long Beach Ice Dogs zone.
15:19 of 2nd period - Snap shot by Cole Perfetti.
15:19 of 2nd period - Shot Misses the Net.
15:21 of 2nd period - Slapshot by Wyatt Newpower.
15:21 of 2nd period - Stopped by Spencer Martin with a rebound.
15:59 of 2nd period - Wrist shot by Michael Anderson.
15:59 of 2nd period - Shot Misses the Net.
16:42 of 2nd period - Slapshot by Darren Helm.
16:42 of 2nd period - Stopped by Pheonix Copley with a rebound.
16:58 of 2nd period - Wrist shot by Logan Brown.
16:58 of 2nd period - Stopped by Pheonix Copley without a rebound.
16:59 of 2nd period - Yakov Trenin wins face-off versus Logan Brown in Abbotsford Heat zone.
18:06 of 2nd period - Snap shot by Victor Rask.
18:06 of 2nd period - Deflect By Dennis Gilbert.
18:06 of 2nd period - Stopped by Pheonix Copley with a rebound.
19:20 of 2nd period - Michael Anderson is hit by Yan Kuznetsov and loses puck.
Goals for this period are 1 for Long Beach Ice Dogs vs 1 for Abbotsford Heat.
Shots for this period are 15 for Long Beach Ice Dogs vs 8 for Abbotsford Heat.
3rd period
0:01 of 3rd period - Gabriel Vilardi wins face-off versus Yakov Trenin in neutral zone.
0:22 of 3rd period - Minor Penalty to Yakov Trenin for Tripping.
0:23 of 3rd period - Benoit-Olivier Groulx wins face-off versus Gabriel Vilardi in Abbotsford Heat zone.
0:23 of 3rd period - Benoit-Olivier Groulx is hit by Darren Helm.
0:35 of 3rd period - Wrist shot by Darren Helm.
0:35 of 3rd period - Shot Misses the Net.
0:37 of 3rd period - Slapshot by Brendan Gallagher.
0:37 of 3rd period - Shot Misses the Net.
0:39 of 3rd period - Slapshot by Justin Schultz.
0:39 of 3rd period - Stopped by Pheonix Copley with a rebound.
1:30 of 3rd period - Ryan Merkley is hit by Gabriel Vilardi and loses puck.
2:22 of 3rd period - Penalty to Yakov Trenin is over, Yakov Trenin is back on ice.
2:29 of 3rd period - Snap shot by Benoit-Olivier Groulx.
2:29 of 3rd period - Shot Blocked by Logan Brown.
2:31 of 3rd period - Slapshot by Ryan Merkley.
2:31 of 3rd period - Stopped by Spencer Martin without a rebound.
2:32 of 3rd period - Logan Brown wins face-off versus Yakov Trenin in Long Beach Ice Dogs zone.
2:39 of 3rd period - Snap shot by Bobby Brink.
2:39 of 3rd period - Stopped by Spencer Martin without a rebound.
2:40 of 3rd period - Logan Brown wins face-off versus Yakov Trenin in Long Beach Ice Dogs zone.
2:40 of 3rd period - Logan Brown is hit by Daniil Miromanov.
2:43 of 3rd period - Minor Penalty to Mathieu Olivier for Tripping.
2:44 of 3rd period - Yakov Trenin wins face-off versus Brendan Gallagher in Long Beach Ice Dogs zone.
2:46 of 3rd period - Slapshot by Cole Perfetti.
2:46 of 3rd period - Stopped by Spencer Martin with a rebound.
2:48 of 3rd period - Slapshot by Michael Anderson.
2:48 of 3rd period - Deflect By Bobby Brink.
2:48 of 3rd period - Shot Misses the Net.
2:48 of 3rd period - Puck is out of play.
2:49 of 3rd period - Cole Perfetti wins face-off versus Brendan Gallagher in Long Beach Ice Dogs zone.
2:56 of 3rd period - Slapshot by Bobby Brink.
2:56 of 3rd period - Stopped by Spencer Martin with a rebound.
2:58 of 3rd period - Snap shot by Cole Perfetti.
2:58 of 3rd period - Shot Blocked by Riley Stillman.
3:00 of 3rd period - Slapshot by Michael Anderson.
3:00 of 3rd period - Deflect By Gabriel Vilardi.
3:00 of 3rd period - Stopped by Spencer Martin without a rebound.
3:01 of 3rd period - Darren Helm wins face-off versus Yakov Trenin in Long Beach Ice Dogs zone.
3:01 of 3rd period - Darren Helm is hit by Ryan Merkley.
4:43 of 3rd period - Penalty to Mathieu Olivier is over, Mathieu Olivier is back on ice.
4:46 of 3rd period - Off-side.
4:47 of 3rd period - Logan Brown wins face-off versus Benoit-Olivier Groulx in neutral zone.
5:03 of 3rd period - Snap shot by Mathieu Olivier.
5:03 of 3rd period - Stopped by Pheonix Copley without a rebound.
5:04 of 3rd period - Victor Rask wins face-off versus Yakov Trenin in Abbotsford Heat zone.
5:19 of 3rd period - Wrist shot by Alex Galchenyuk.
5:19 of 3rd period - Shot Misses the Net.
6:03 of 3rd period - Snap shot by Darren Helm.
6:03 of 3rd period - Stopped by Pheonix Copley with a rebound.
6:07 of 3rd period - Snap shot by Brendan Gallagher.
6:07 of 3rd period - Stopped by Pheonix Copley with a rebound.
6:09 of 3rd period - Slapshot by William Lagesson.
6:09 of 3rd period - Stopped by Pheonix Copley with a rebound.
6:11 of 3rd period - Wrist shot by Riley Stillman.
6:11 of 3rd period - Shot Misses the Net.
6:15 of 3rd period - Snap shot by Gabriel Vilardi.
6:15 of 3rd period - Stopped by Pheonix Copley with a rebound.
6:17 of 3rd period - Snap shot by Darren Helm.
6:17 of 3rd period - Shot Misses the Net.
6:19 of 3rd period - Slapshot by William Lagesson.
6:19 of 3rd period - Shot Blocked by Wyatt Newpower.
6:23 of 3rd period - Wrist shot by Gabriel Vilardi.
6:23 of 3rd period - Stopped by Pheonix Copley with a rebound.
6:25 of 3rd period - Slapshot by William Lagesson.
6:25 of 3rd period - Shot Misses the Net.
6:29 of 3rd period - Snap shot by Gabriel Vilardi.
6:29 of 3rd period - Shot Misses the Net.
6:33 of 3rd period - Slapshot by Brendan Gallagher.
6:33 of 3rd period - Stopped by Pheonix Copley with a rebound.
6:35 of 3rd period - Snap shot by William Lagesson.
6:35 of 3rd period - Deflect By Gabriel Vilardi.
6:35 of 3rd period - Shot Misses the Net.
6:35 of 3rd period - Puck is out of play.
6:36 of 3rd period - Victor Rask wins face-off versus Yakov Trenin in Abbotsford Heat zone.
6:42 of 3rd period - Minor Penalty to Yakov Trenin for Roughing.
6:43 of 3rd period - Benoit-Olivier Groulx wins face-off versus Victor Rask in Abbotsford Heat zone.
6:51 of 3rd period - Wrist shot by Cole Sillinger.
6:51 of 3rd period - Shot Misses the Net.
7:22 of 3rd period - Snap shot by Zack Kassian.
7:22 of 3rd period - Deflect By Victor Rask.
7:22 of 3rd period - Stopped by Pheonix Copley without a rebound.
7:23 of 3rd period - Gabriel Vilardi wins face-off versus Shane Pinto in Abbotsford Heat zone.
7:24 of 3rd period - Snap shot by Brendan Gallagher.
7:24 of 3rd period - Deflect By Cole Sillinger.
7:24 of 3rd period - Stopped by Pheonix Copley without a rebound.
7:25 of 3rd period - Cole Sillinger wins face-off versus Gabriel Vilardi in Abbotsford Heat zone.
7:25 of 3rd period - Cole Sillinger is hit by Brendan Gallagher.
7:40 of 3rd period - Icing by Gabriel Vilardi.
7:41 of 3rd period - Cole Sillinger wins face-off versus Gabriel Vilardi in Long Beach Ice Dogs zone.
8:42 of 3rd period - Penalty to Yakov Trenin is over, Yakov Trenin is back on ice.
9:23 of 3rd period - Snap shot by Jacob Peterson.
9:23 of 3rd period - Shot Misses the Net.
10:44 of 3rd period - Slapshot by Jujhar Khaira.
10:44 of 3rd period - Stopped by Pheonix Copley without a rebound.
10:45 of 3rd period - Cole Sillinger wins face-off versus Shane Bowers in Abbotsford Heat zone.
11:14 of 3rd period - Snap shot by Benoit-Olivier Groulx.
11:14 of 3rd period - Stopped by Spencer Martin with a rebound.
11:16 of 3rd period - Wrist shot by Benoit-Olivier Groulx.
11:16 of 3rd period - Goal by Benoit-Olivier Groulx - Long Beach Ice Dogs : 3 - Abbotsford Heat : 3.
11:17 of 3rd period - Victor Rask wins face-off versus Cole Sillinger in neutral zone.
11:26 of 3rd period - Snap shot by Zack Kassian.
11:26 of 3rd period - Shot Blocked by Vincent Desharnais.
11:49 of 3rd period - Slapshot by Brendan Gallagher.
11:49 of 3rd period - Shot Misses the Net.
12:01 of 3rd period - Wrist shot by Bobby Brink.
12:01 of 3rd period - Stopped by Spencer Martin with a rebound.
12:03 of 3rd period - Wrist shot by Yakov Trenin.
12:03 of 3rd period - Shot Misses the Net.
12:05 of 3rd period - Slapshot by Yakov Trenin.
12:05 of 3rd period - Shot Misses the Net.
12:07 of 3rd period - Wrist shot by Cole Perfetti.
12:07 of 3rd period - Stopped by Spencer Martin with a rebound.
12:27 of 3rd period - Slapshot by Jujhar Khaira.
12:27 of 3rd period - Shot Blocked by Daniil Miromanov.
12:47 of 3rd period - Snap shot by Victor Rask.
12:47 of 3rd period - Stopped by Pheonix Copley without a rebound.
12:48 of 3rd period - Victor Rask wins face-off versus Yakov Trenin in Abbotsford Heat zone.
12:59 of 3rd period - Slapshot by Ryan Merkley.
12:59 of 3rd period - Shot Blocked by Zack Kassian.
13:27 of 3rd period - Victor Rask is hit by Ryan Merkley and loses puck.
13:38 of 3rd period - Slapshot by Ryan Merkley.
13:38 of 3rd period - Stopped by Spencer Martin with a rebound.
14:20 of 3rd period - Jansen Harkins is hit by Cole Sillinger and loses puck.
14:30 of 3rd period - Slapshot by Mathieu Olivier.
14:30 of 3rd period - Shot Blocked by Vincent Desharnais.
14:32 of 3rd period - Slapshot by Olli Juolevi.
14:32 of 3rd period - Shot Misses the Net.
14:44 of 3rd period - Justin Schultz is hit by Cole Sillinger and loses puck.
15:18 of 3rd period - Slapshot by Logan Brown.
15:18 of 3rd period - Deflect By Yakov Trenin.
15:18 of 3rd period - Stopped by Pheonix Copley with a rebound.
15:20 of 3rd period - Snap shot by Justin Schultz.
15:20 of 3rd period - Stopped by Pheonix Copley with a rebound.
15:22 of 3rd period - Backhand shot by Justin Schultz.
15:22 of 3rd period - Shot Blocked by Bobby Brink.
Goals for this period are 0 for Long Beach Ice Dogs vs 1 for Abbotsford Heat.
Shots for this period are 14 for Long Beach Ice Dogs vs 10 for Abbotsford Heat.
Overtime #1
0:01 of 1st overtime period - Brendan Gallagher wins face-off versus Yakov Trenin in neutral zone.
0:08 of 1st overtime period - Slapshot by Brendan Gallagher.
0:08 of 1st overtime period - Shot Blocked by Ryan Merkley.
0:10 of 1st overtime period - Wrist shot by Gabriel Vilardi.
0:10 of 1st overtime period - Stopped by Pheonix Copley with a rebound.
0:12 of 1st overtime period - Snap shot by Brendan Gallagher.
0:12 of 1st overtime period - Shot Blocked by Michael Anderson.
0:14 of 1st overtime period - Slapshot by Brendan Gallagher.
0:14 of 1st overtime period - Shot Misses the Net.
0:16 of 1st overtime period - Slapshot by Justin Schultz.
0:16 of 1st overtime period - Shot Misses the Net.
1:00 of 1st overtime period - Cole Perfetti is hit by Riley Stillman.
1:10 of 1st overtime period - Snap shot by Victor Rask.
1:10 of 1st overtime period - Shot Blocked by Dennis Gilbert.
1:12 of 1st overtime period - Snap shot by Darren Helm.
1:12 of 1st overtime period - Shot Misses the Net.
1:22 of 1st overtime period - Shane Pinto is hit by Mark Pysyk and loses puck.
2:38 of 1st overtime period - Justin Schultz is hit by Wyatt Newpower.
3:22 of 1st overtime period - Ryan Merkley is hit by Jujhar Khaira and loses puck.
3:33 of 1st overtime period - Ryan Merkley is hit by Riley Stillman and loses puck.
3:48 of 1st overtime period - Snap shot by Cole Perfetti.
3:48 of 1st overtime period - Shot Misses the Net.
Goals for this period are 0 for Long Beach Ice Dogs vs 0 for Abbotsford Heat.
Shots for this period are 1 for Long Beach Ice Dogs vs 0 for Abbotsford Heat.
ShootOut
5:00 of 1st overtime period - Round #1.
5:00 of 1st overtime period - Long Beach Ice Dogs, Brendan Gallagher.
5:00 of 1st overtime period - Snap shot by Brendan Gallagher.
5:00 of 1st overtime period - Shot Misses the Net.
5:00 of 1st overtime period - Abbotsford Heat, Yakov Trenin.
5:00 of 1st overtime period - Deke by Yakov Trenin.
5:00 of 1st overtime period - Goal by Yakov Trenin.
5:00 of 1st overtime period - Round #2.
5:00 of 1st overtime period - Long Beach Ice Dogs, Gabriel Vilardi.
5:00 of 1st overtime period - Snap shot by Gabriel Vilardi.
5:00 of 1st overtime period - Goal by Gabriel Vilardi.
5:00 of 1st overtime period - Abbotsford Heat, Cole Sillinger.
5:00 of 1st overtime period - Wrist shot by Cole Sillinger.
5:00 of 1st overtime period - Stopped by Spencer Martin.
5:00 of 1st overtime period - Round #3.
5:00 of 1st overtime period - Long Beach Ice Dogs, Darren Helm.
5:00 of 1st overtime period - Backhand shot by Darren Helm.
5:00 of 1st overtime period - Goal by Darren Helm.
5:00 of 1st overtime period - Abbotsford Heat, Bobby Brink.
5:00 of 1st overtime period - Snap shot by Bobby Brink.
5:00 of 1st overtime period - Goal by Bobby Brink.
5:00 of 1st overtime period - Round #4.
5:00 of 1st overtime period - Long Beach Ice Dogs, Victor Rask.
5:00 of 1st overtime period - Backhand shot by Victor Rask.
5:00 of 1st overtime period - Goal by Victor Rask.
5:00 of 1st overtime period - Abbotsford Heat, Cole Perfetti.
5:00 of 1st overtime period - Wrist shot by Cole Perfetti.
5:00 of 1st overtime period - Goal by Cole Perfetti.
5:00 of 1st overtime period - Round #5.
5:00 of 1st overtime period - Long Beach Ice Dogs, Alex Galchenyuk.
5:00 of 1st overtime period - Snap shot by Alex Galchenyuk.
5:00 of 1st overtime period - Shot Misses the Net.
5:00 of 1st overtime period - Abbotsford Heat, Benoit-Olivier Groulx.
5:00 of 1st overtime period - Backhand shot by Benoit-Olivier Groulx.
5:00 of 1st overtime period - Stopped by Spencer Martin.
5:00 of 1st overtime period - Round #6.
5:00 of 1st overtime period - Long Beach Ice Dogs, Logan Brown.
5:00 of 1st overtime period - Deke by Logan Brown.
5:00 of 1st overtime period - Goal by Logan Brown.
5:00 of 1st overtime period - Abbotsford Heat, Jacob Peterson.
5:00 of 1st overtime period - Wrist shot by Jacob Peterson.
5:00 of 1st overtime period - Goal by Jacob Peterson.
5:00 of 1st overtime period - Round #7.
5:00 of 1st overtime period - Long Beach Ice Dogs, Trey Fix-Wolansky.
5:00 of 1st overtime period - Wrist shot by Trey Fix-Wolansky.
5:00 of 1st overtime period - Shot Misses the Net.
5:00 of 1st overtime period - Abbotsford Heat, Alex Limoges.
5:00 of 1st overtime period - Backhand shot by Alex Limoges.
5:00 of 1st overtime period - Goal by Alex Limoges.
Back to the Top